 Dungeon Crawl Stone Soup version 0.30-a0-870-gc5d4c5acee (webtiles) character file.

Game seed: 17297884029229695147

13449 Pooter the Basher (level 11, -11/148 HPs)
             Began as a Minotaur Monk on Mar 11, 2023.
             Was a Believer of Trog.
             Mangled by a skyshark (15 damage)
             ... on level 2 of the Lair of Beasts.
             The game lasted 01:16:55 (14170 turns).

Pooter the Basher (Minotaur Monk)                  Turns: 14170, Time: 01:16:56

Health: -11/148    AC: 27    Str: 21    XL:     11   Next: 75%
Magic:  10/10      EV:  8    Int:  7    God:    Trog [**....]
Gold:   392        SH:  3    Dex: 12    Spells: 10/10 levels left

rFire   . . .      SeeInvis .    a - +1 war axe (protect)
rCold   . . .      Faith    .    B - +0 buckler
rNeg    . . .      Spirit   .    z - +3 chain mail
rPois   +          Reflect  .    M - +2 hat
rElec   .          Rampage  .    k - scarf {+Inv}
rCorr   .                        L - +0 pair of gloves
Will    .....                    R - +0 pair of boots Stlth
                                 (no amulet)
HPRegen 0.44/turn                P - ring of poison resistance
MPRegen 0.12/turn                v - +4 ring of protection

@: berserking, under a protective aura, very quick
A: horns 2, retaliatory headbutt
a: Renounce Religion, Evoke Invisibility, Berserk, Trog's Hand


You were on level 2 of the Lair of Beasts.
You worshipped Trog.
Trog was pleased with you.
You visited 3 branches of the dungeon, and saw 13 of its levels.
You also visited: Sewer and Ossuary.

You collected 552 gold pieces.
You spent 160 gold pieces at shops.

Inventory:

Hand Weapons
 a - a +1 war axe of protection (weapon)
   (You took it off a wight on level 9 of the Dungeon)
 b - a +1 hand crossbow of freezing
   (You acquired it on level 9 of the Dungeon)
 e - a +2 halberd of flaming
   (You took it off Maggie on level 6 of the Dungeon)
 q - a +0 hand axe
 K - a +0 flail of draining
   (You took it off an orc on level 3 of the Dungeon)
 O - a +1 morningstar
   (You took it off Terence on level 3 of the Dungeon)
 S - a +0 sling
   (You found it on level 3 of the Dungeon)
 T - a +0 trident
   (You took it off an orc on level 4 of the Dungeon)
Missiles
 i - 2 atropa-tipped darts
 j - 5 boomerangs
 A - 76 poisoned darts (quivered)
 H - 4 curare-tipped darts
 Q - 96 stones
Armour
 k - a scarf of invisibility (worn)
   (You found it on level 1 of the Dungeon)
 z - a +3 chain mail (worn)
   (You took it off Terence on level 3 of the Dungeon)
 B - a +0 buckler (worn)
   (You found it on level 3 of the Dungeon)
 L - a +0 pair of gloves (worn)
   (You found it on level 4 of the Dungeon)
 M - a +2 hat (worn)
   (You took it off Gastronok on level 1 of the Lair of Beasts)
 R - a +0 pair of boots (worn)
   (You found it on level 6 of the Dungeon)
Jewellery
 v - a +4 ring of protection (right hand)
   (You found it on level 3 of the Dungeon)
 y - a ring of willpower
   (You found it on level 1 of the Dungeon)
 C - a ring of resist corrosion
   (You found it on level 1 of the Lair of Beasts)
 F - a ring of protection from fire
   (You found it on level 1 of the Lair of Beasts)
 P - a ring of poison resistance (left hand)
   (You acquired it on level 9 of the Dungeon)
Wands
 f - a wand of flame (3)
   (You found it in an ossuary)
 u - a wand of paralysis (7)
   (You found it on level 1 of the Lair of Beasts)
 U - a wand of polymorph (20)
   (You found it on level 7 of the Dungeon)
Scrolls
 h - 4 scrolls of immolation {!r}
 l - 2 scrolls of fear
 p - 4 scrolls of fog
 r - a scroll of blinking
 s - 4 scrolls of poison {!r}
 t - 5 scrolls of teleportation {@r4}
 w - 4 scrolls of vulnerability {!r}
 D - a scroll of torment {unknown}
 E - a scroll of amnesia {unknown}
 N - a scroll of noise {!r}
 X - a scroll of magic mapping
Potions
 c - a potion of invisibility {unknown}
 d - 2 potions of flight
 g - 6 potions of heal wounds {@q2}
 m - 2 potions of lignification {!q}
 n - 2 potions of haste {unknown}
 o - 10 potions of curing {@q1}
 x - a potion of attraction {unknown}
 G - 2 potions of resistance {unknown}
 I - 4 potions of mutation {!q}
 J - a potion of cancellation {unknown}
 V - a potion of might {unknown}
 W - a potion of ambrosia


   Skills:
 + Level 9.9 Fighting
 + Level 6.6(10.3) Axes
 * Level 12.3(13.0) Maces & Flails
 * Level 11.5 Ranged Weapons
 + Level 3.6 Armour
 - Level 3.2 Dodging
 - Level 1.5 Stealth
 + Level 6.7 Evocations


You had 10 spell levels left.
You didn't know any spells.
Your spell library was empty.

Dungeon Overview and Level Annotations

Branches:
Dungeon (10/15)            Temple (1/1) D:5            Lair (2/5) D:10
 Shoals (0/4) Lair:2        Sewer (visited)         Ossuary (visited)
  Snake: Lair:2-3    Spider: Lair:2-3       Orc: D:9-12

Altars:
Ashenzari
Cheibriados
Dithmenos
Elyvilon
Fedhas
Gozag
Hepliaklqana
Kikubaaqudgha
Makhleb
Nemelex Xobeh
Okawaru
Qazlal
Ru
Sif Muna
Trog
Uskayaw
Vehumet
Wu Jian
Xom
Yredelemnul
Zin
The Shining One

Shops:
D:4 [   D:9 ?


Innate Abilities, Weirdness & Mutations

You have a pair of horns on your head.
You reflexively headbutt those who attack you in melee.


Message History

Your +1 war axe of protection hums with potential!
a - a +1 war axe of protection (weapon)
You slice the skyshark!!
Your weapon exudes an aura of protection.
Your headbutt misses the skyshark.
The skyshark is no longer moving slowly.
The skyshark bites you but does no damage.
The skyshark tail-slaps you but does no damage. x2
You slash the skyshark! Your headbutt misses the skyshark.
The skyshark closely misses you.
The skyshark tail-slaps you but does no damage.
You block the skyshark's attack.
You slash the skyshark! You headbutt the skyshark. The skyshark bites you.
The skyshark tastes blood and grows stronger!
The skyshark tail-slaps you but does no damage. x2
You hit the skyshark. The skyshark bites you!!
The skyshark enters a blood-rage!
The skyshark tail-slaps you but does no damage. x2
You barely miss the skyshark.
The skyshark bites you but does no damage.
The skyshark tail-slaps you! The skyshark tail-slaps you.
You are too injured to fight recklessly!
You barely miss the skyshark.
The skyshark bites you but does no damage.
The skyshark tail-slaps you!
* * * LOW HITPOINT WARNING * * *
The skyshark barely misses you.
The skyshark bites you but does no damage.
The skyshark tail-slaps you!
* * * LOW HITPOINT WARNING * * *
The skyshark tail-slaps you!
* * * LOW HITPOINT WARNING * * *
Unknown command.
You hit the skyshark but do no damage.
You headbutt the skyshark, but do no damage.
The skyshark bites you.
* * * LOW HITPOINT WARNING * * *
The skyshark tail-slaps you but does no damage.
The skyshark tail-slaps you!
* * * LOW HITPOINT WARNING * * *
Unknown command.
A red film seems to cover your vision as you go berserk!
You feel yourself moving faster!
You feel mighty!
The skyshark bites you but does no damage.
The skyshark tail-slaps you!
* * * LOW HITPOINT WARNING * * *
The skyshark tail-slaps you!
* * * LOW HITPOINT WARNING * * *
The skyshark bites you!
You die...

.......##......
................##..†..†
.÷..................##..
...................P##P.
....................##..
..................###.
....................
#l.................
#@......#...###...
#.......###.# ##.#
#........#.## ###
####......## ##......##
#........# ###......##
#.......###
#.#.......###


You could see a skyshark (berserk).

Vanquished Creatures
  Gastronok (Lair:1)
  2 two-headed ogres (D:9)
  A skyshark (Lair:2)
  Pikel (D:6)
  2 cane toads (Lair:1)
  Maggie (D:6)
  A kobold demonologist (D:10)
  A rime drake (Lair:1)
  3 komodo dragons
  A polar bear (Lair:1)
  4 blink frogs (Lair:1)
  A vampire (D:10)
  A spriggan (Lair:1)
  A wyvern (D:9)
  A shadow (D:10)
  5 yaks (Lair:1)
  A golden eye (D:7)
  2 steam dragons (D:8)
  Menkaure (D:5)
  4 water moccasins
  An orc warrior (D:10)
  2 black bears
  A sky beast (D:5)
  2 ogres
  A tengu (D:8)
  6 centaurs
  A lemure (D:5)
  10 kobold brigands
  4 scorpions
  5 bullfrogs
  5 wights
  5 water moccasin zombies (Ossuary)
  23 killer bees
  An electric eel (Lair:2)
  2 howler monkeys
  2 jellies (D:7)
  3 hounds
  A gnoll bouda (D:7)
  3 iron imps (D:7)
  A sleepcap (D:5)
  Jessica (D:3)
  Terence (D:3)
  8 iguanas
  An orc wizard (D:4)
  2 mummies (Ossuary)
  9 gnolls
  4 adders
  2 river rats
  2 shadow imps (D:5)
  A white imp (D:5)
  An ufetubus (D:6)
  5 adder zombies (Ossuary)
  3 worms
  5 dart slugs
  11 orcs
  7 ball pythons
  11 endoplasms
  5 giant cockroaches
  7 gnoll zombies (Ossuary)
  11 goblins
  3 hobgoblins
  2 quokkas (D:1)
  5 bats
  2 frilled lizards
  A goblin zombie (D:5)
  4 hobgoblin zombies
  28 kobolds
  2 kobold skeletons (D:5)
  4 kobold zombies
  3 orc skeletons (D:5)
  3 orc zombies (Ossuary)
  15 rats
283 creatures vanquished.

Vanquished Creatures (others)
  9 fungi
  31 plants
40 creatures vanquished.

Grand Total: 323 creatures vanquished

Notes
Turn   | Place    | Note
-------+----------+-------------------------------------------
     0 | D:1      | Pooter the Minotaur Monk began the quest for the Orb.
     0 | D:1      | Reached XP level 1. HP: 19/19 MP: 0/0
   108 | D:1      | Reached XP level 2. HP: 17/27 MP: 1/1
   509 | D:1      | Reached XP level 3. HP: 21/33 MP: 2/2
  1705 | D:3      | Found a stormy altar of Qazlal.
  1737 | D:3      | Reached skill level 5 in Axes
  1942 | D:3      | Reached XP level 4. HP: 41/41 MP: 3/3
  1944 | D:3      | Noticed Terence
  1949 | D:3      | Killed Terence
  1950 | D:3      | Reached skill level 1 in Ranged Weapons
  1950 | D:3      | Reached skill level 1 in Evocations
  2183 | D:3      | Found an ancient bone altar of Kikubaaqudgha.
  2209 | D:3      | Noticed Jessica
  2214 | D:3      | Killed Jessica
  2215 | D:3      | Reached skill level 1 in Maces & Flails
  2325 | D:3      | Reached XP level 5. HP: 9/47 MP: 4/4
  2705 | D:4      | Found Nuenleup's Antique Armour Shoppe.
  2733 | D:4      | Found a sand-covered staircase.
  2738 | Ossuary  | Entered an ossuary
  2789 | Ossuary  | Reached skill level 2 in Maces & Flails
  2819 | Ossuary  | Reached XP level 6. HP: 50/55 MP: 5/5
  2829 | Ossuary  | Reached skill level 5 in Fighting
  2829 | Ossuary  | Reached skill level 3 in Maces & Flails
  3031 | D:4      | Reached XP level 7. HP: 45/61 MP: 6/6
  3068 | D:4      | Found a glowing drain.
  3087 | Sewer    | Entered a sewer
  3135 | Sewer    | Reached skill level 4 in Maces & Flails
  3529 | Sewer    | Reached skill level 5 in Maces & Flails
  3915 | Sewer    | Reached skill level 5 in Ranged Weapons
  3954 | Sewer    | Reached XP level 8. HP: 51/70 MP: 7/7
  4249 | D:4      | Reached skill level 6 in Maces & Flails
  4870 | D:5      | Entered Level 5 of the Dungeon
  4899 | D:5      | Found a staircase to the Ecumenical Temple.
  4904 | Temple   | Entered the Ecumenical Temple
  5141 | Temple   | Became a worshipper of Trog the Wrathful
  5141 | Temple   | Reached * piety under Trog
  5141 | Temple   | Reached ** piety under Trog
  5201 | D:5      | Noticed Menkaure
  5204 | D:5      | Killed Menkaure
  5272 | D:5      | Found a glowing golden altar of the Shining One.
  5421 | D:5      | Reached skill level 7 in Maces & Flails
  6161 | D:6      | Reached XP level 9. HP: 77/78 MP: 8/8
  6300 | D:6      | Found a shimmering altar of Xom.
  6354 | D:6      | Noticed Maggie
  6362 | D:6      | Killed Maggie
  6465 | D:6      | Noticed Pikel
  6477 | D:6      | Killed Pikel
  6478 | D:6      | Reached skill level 8 in Maces & Flails
  6974 | D:6      | Found a broken altar of Ashenzari.
  7608 | D:7      | Reached skill level 9 in Maces & Flails
  7774 | D:7      | Reached skill level 5 in Evocations
  7782 | D:7      | Found a burning altar of Makhleb.
  7939 | D:7      | Reached XP level 10. HP: 88/88 MP: 9/9
  8399 | D:8      | Noticed Psyche
  8401 | D:8      | Noticed Psyche
  8461 | D:8      | Found a hazy altar of Hepliaklqana.
  8488 | D:8      | Found a white marble altar of Elyvilon.
  8892 | D:8      | Killed Psyche the tengu
  9204 | D:9      | Reached skill level 10 in Maces & Flails
  9349 | D:9      | Found an iron altar of Okawaru.
  9591 | D:9      | Identified a scroll of acquirement
  9591 | D:9      | Acquired a ring of poison resistance
  9618 | D:9      | Noticed a two-headed ogre
  9622 | D:9      | Paralysed by a wight for 2 turns
 10248 | D:9      | Noticed a two-headed ogre
 10257 | D:9      | Killed a two-headed ogre
 10311 | D:9      | Acquired a +1 hand crossbow of freezing
 10591 | D:9      | Found Duvigh's Magic Scroll Emporium.
 10599 | D:9      | Bought a scroll of identify for 20 gold pieces
 10599 | D:9      | Bought a scroll of identify for 20 gold pieces
 10599 | D:9      | Bought a scroll of identify for 20 gold pieces
 10599 | D:9      | Bought a scroll of poison for 40 gold pieces
 10599 | D:9      | Bought a scroll of identify for 20 gold pieces
 10599 | D:9      | Bought a scroll of fog for 40 gold pieces
 10632 | D:9      | Reached skill level 10 in Ranged Weapons
 10667 | D:9      | Killed a two-headed ogre
 10668 | D:9      | Reached skill level 11 in Maces & Flails
 10811 | D:10     | Entered Level 10 of the Dungeon
 11000 | D:10     | Noticed a smoke demon
 11224 | D:10     | Reached skill level 1 in Armour
 11359 | D:10     | Reached XP level 11. HP: 77/97 MP: 10/10
 12149 | D:10     | Found a staircase to the Lair.
 12512 | Lair:1   | Entered Level 1 of the Lair of Beasts
 12957 | Lair:1   | Identified the +1 ring mail "Xuguth" {rPois}
 13053 | Lair:1   | Noticed Gastronok
 13062 | Lair:1   | Killed Gastronok
 13063 | Lair:1   | Reached skill level 12 in Maces & Flails
 13956 | Lair:2   | Found a staircase to the Shoals.
 14145 | Lair:2   | Noticed a skyshark
 14153 | Lair:2   | Killed a skyshark
 14159 | Lair:2   | Noticed a skyshark
 14170 | Lair:2   | HP: 4/148 [skyshark (8)]
 14170 | Lair:2   | Mangled by a skyshark

Illustrated notes

Levels and vault maps discovered:
D:1:      tarquinn_simple_flora_water_b, layout_rooms
D:2:      minmay_wonky_spiral, layout_loops_ring, grunt_decor_cap,
          minmay_door_square
D:3:      layout_basic, nicolae_overflow_crystal_walls,
          mainiacjoe_overflow_brackets, kennysheep_pointless_box,
          hangedman_decor_diamond_cutter, uniq_jessica, uniq_terence
D:4:      layout_cave_pods, enter_ossuary_2, portal_sewer_entry_b, serial_shops,
          shop
D:5:      layout_basic, nicolae_tso_besieged_by_evil, temple_doors_e,
          uniq_menkaure
D:6:      layout_loops_ring, mainiacjoe_overflow_surrounded_room,
          mainiacjoe_overflow_alcove_1, uniq_maggie, uniq_pikel
D:7:      layout_rooms, demons_altar
D:8:      layout_basic, mainiacjoe_overflow_catch_the_wave, uniq_psyche
D:9:      layout_irregular_city, lemuel_crystal_altar, serial_shops, shop
D:10:     layout_loops_corners, grunt_lair_entry_orc_guard_hut
Temple:   oiseaux_autumnal_temple
Lair:1:   layout_regular_city, wad_woods_03, infiniplex_staircase_pool_2,
          uniq_gastronok
Lair:2:   beargit_carnivore_pack, layout_hall_layers, elwin_shoals_entry_rooms,
          nicolae_snake_entry_squirm

Skill      XL: |  1  2  3  4  5  6  7  8  9 10 11 |
---------------+----------------------------------+-----
Axes           | 4 5 6 |  6.6
Fighting       | 4 5 6 8 9 |  9.9
Ranged Weapons | 1 2 3 5 6 8 10 11 | 11.5
Evocations     | 1 2 3 4 5 6 |  6.7
Maces & Flails | 1 2 3 5 7 9 11 12 | 12.3
Armour         | 1 3 |  3.6
Dodging        | |  3.2
Stealth        | |  1.5

Action                     |  1- 3 |  4- 6 |  7- 9 | 10-12 || total
---------------------------+-------+-------+-------+-------++-------
  Melee: Hand axe          |    68 |     3 |       |       ||    71
         Headbutt          |    10 |    19 |    39 |    65 ||   133
         Morningstar       |       |   115 |   266 |    57 ||   438
         War axe           |       |       |       |   209 ||   209
   Fire: Sling             |    35 |     5 |    61 |       ||   101
         Shortbow          |       |       |    26 |    27 ||    53
         Hand crossbow     |       |       |       |    84 ||    84
  Throw: Boomerang         |       |       |     9 |     1 ||    10
         Dart              |       |       |     3 |    13 ||    16
 Invoke: Berserk           |       |       |     8 |    19 ||    27
         Trog's Hand       |       |       |     5 |     9 ||    14
  Evoke: Wand              |       |       |     3 |     7 ||    10
    Use: Scroll            |     4 |     4 |     3 |    21 ||    32
         Potion            |       |       |     1 |       ||     1
   Stab: Sleeping          |     6 |       |       |       ||     6
 Armour: Robe              |    10 |       |       |       ||    10
         Chain mail        |       |    67 |   210 |   211 ||   488
  Dodge: Dodged            |    38 |    37 |   115 |    97 ||   287
  Block: Buckler           |       |     9 |    28 |    19 ||    56

Table legend: (Time is in decaauts)
 A = Elapsed time spent in this place.
 B = Non-inter-level travel time spent in this place.
 C = Inter-level travel time spent in this place.
 D = Time resting spent in this place.
 E = Time spent auto-exploring this place.
 F = Levels seen in this place.
 G = Mean time per level.
                   A        B        C        D        E       F      G
               +--------+--------+--------+--------+--------+-----+--------+
         Total |  14794 |  14336 |    458 |   3627 |   8002 |  15 |  986.3 |
       Dungeon |  11346 |  10954 |    392 |   3221 |   5948 |  10 | 1134.6 |
        Temple |    263 |    234 |     29 |      0 |    221 |   1 |  263.0 |
          Lair |   1718 |   1682 |     36 |    274 |   1040 |   2 |  859.0 |
         Sewer |   1167 |   1167 |      0 |     60 |    791 |   1 | 1167.0 |
       Ossuary |    298 |    298 |      0 |     71 |      0 |   1 |  298.0 |
               +--------+--------+--------+--------+--------+-----+--------+

Top non-repeatable levels by time:
    D:10: 1754 daAuts
     D:9: 1563 daAuts
  Lair:1: 1289 daAuts
     D:3: 1281 daAuts
     D:6: 1221 daAuts
     D:7: 1211 daAuts
   Sewer: 1167 daAuts
     D:8: 1004 daAuts
     D:4: 942 daAuts
     D:5: 921 daAuts
     D:2: 821 daAuts
     D:1: 626 daAuts
  Lair:2: 429 daAuts
 Ossuary: 298 daAuts
  Temple: 263 daAuts
